[ AOE2 MATCH · #495686559 ]
UnrankedItalians vs Huns
Player's team · LOSS
Rival team · WIN
[ REPLAY ANALYSIS · EXTRACTED FROM THE RECORDED GAME ]
Feudal
9:20
Castle
21:57
Imperial
38:32
| APM avg | 48.1 |
| APM peak | 88 |
| eAPM avg | 21.5 |
| Villagers / military | 104 / 97 |
Focus
⚔️ 25.8% · 🌾 74.2%
Skirmisher ×31 · Archer ×24 · Knight ×15 · Genoese Crossbowman ×11 · Militia ×6 · Scout Cavalry ×4
Feudal
8:51
Castle
21:58
Imperial
37:42
| APM avg | 63.8 |
| APM peak | 98 |
| eAPM avg | 29.4 |
| Villagers / military | 149 / 99 |
Focus
⚔️ 38.8% · 🌾 61.2%
Cavalry Archer ×38 · Knight ×26 · Archer ×9 · Skirmisher ×8 · Monk ×6 · Scout Cavalry ×5
Match map
Initial resources + every placement click. Lines = walls · curves = elevation contours. ◆ gold · ⬟ stone · ● berries · ✦ relic · ◌ wall gap
Your base· Open — 5t gap
manteldon's base· Open — unwalled flank
Smoothed initial terrain · ◌ = detected wall gap · hover for details
Inputs per minute
— se7e - - manteldon
Build order — se7e
First 150 of 353 actions detected
| 0:00 | Create | Villager (Male) |
| 0:00 | Create | Villager (Male) |
| 0:01 | Create | Villager (Male) |
| 0:01 | Create | Villager (Male) |
| 0:01 | Create | Villager (Male) |
| 0:02 | Build | House |
| 0:04 | Build | House |
| 1:32 | Create | Villager (Male) |
| 2:03 | Create | Villager (Male) |
| 2:03 | Create | Villager (Male) |
| 2:11 | Build | Lumber Camp |
| 2:18 | Create | Villager (Male) |
| 2:18 | Create | Villager (Male) |
| 2:53 | Create | Villager (Male) |
| 2:53 | Create | Villager (Male) |
| 3:19 | Create | Villager (Male) |
| 3:19 | Create | Villager (Male) |
| 3:38 | Create | Villager (Male) |
| 3:39 | Create | Villager (Male) |
| 3:54 | Build | House |
| 4:05 | Create | Villager (Male) |
| 4:05 | Create | Villager (Male) |
| 4:37 | Create | Villager (Male) |
| 4:37 | Create | Villager (Male) |
| 5:01 | Build | Mill |
| 5:18 | Create | Villager (Male) |
| 5:37 | Create | Villager (Male) |
| 5:37 | Create | Villager (Male) |
| 6:16 | Build | Barracks |
| 6:26 | Create | Villager (Male) |
| 6:32 | Build | House |
| 6:39 | Research | Loom |
| 6:39 | Research | Loom |
| 7:10 | Research | Feudal Age |
| 7:10 | Research | Feudal Age |
| 7:28 | Create | Militia |
| 7:41 | Build | Mining Camp |
| 8:03 | Create | Militia |
| 8:04 | Create | Militia |
| 8:12 | Create | Militia |
| 8:25 | Build | House |
| 8:27 | Build | Palisade Wall |
| 8:54 | Create | Villager (Male) |
| 9:20 | Age | Feudal Age |
| 9:24 | Research | Double-Bit Axe |
| 9:24 | Create | Militia |
| 9:25 | Create | Militia |
| 9:28 | Research | Man-at-Arms (upgrade) |
| 9:28 | Research | Man-at-Arms (upgrade) |
| 9:42 | Build | Archery Range |
| 10:12 | Create | Villager (Male) |
| 10:20 | Create | Villager (Male) |
| 10:24 | Build | Farm |
| 10:25 | Build | Farm |
| 10:38 | Create | Archer |
| 10:38 | Create | Skirmisher |
| 10:42 | Build | House |
| 10:55 | Create | Villager (Male) |
| 11:13 | Build | Farm |
| 11:14 | Create | Spearman |
| 11:18 | Build | Palisade Gate |
| 11:21 | Build | House |
| 11:45 | Build | Farm |
| 11:57 | Create | Villager (Male) |
| 11:57 | Create | Villager (Male) |
| 12:04 | Build | Farm |
| 12:04 | Build | Farm |
| 12:11 | Build | House |
| 12:14 | Build | Palisade Wall |
| 12:15 | Build | Palisade Wall |
| 12:23 | Create | Spearman |
| 12:31 | Create | Skirmisher |
| 12:45 | Create | Skirmisher |
| 12:46 | Create | Villager (Male) |
| 12:52 | Build | Farm |
| 13:05 | Create | Skirmisher |
| 13:16 | Create | Spearman |
| 13:20 | Create | Villager (Male) |
| 13:24 | Build | Farm |
| 13:27 | Build | Farm |
| 13:40 | Build | House |
| 13:42 | Build | House |
| 13:43 | Build | Palisade Wall |
| 14:01 | Create | Skirmisher |
| 14:01 | Create | Villager (Male) |
| 14:08 | Create | Villager (Male) |
| 14:13 | Build | Farm |
| 14:13 | Build | Farm |
| 14:16 | Build | Farm |
| 14:32 | Create | Villager (Male) |
| 14:53 | Create | Skirmisher |
| 15:01 | Create | Villager (Male) |
| 15:01 | Create | Villager (Male) |
| 15:10 | Build | Blacksmith |
| 15:30 | Create | Skirmisher |
| 15:36 | Build | Palisade Wall |
| 15:50 | Build | House |
| 15:53 | Research | Fletching |
| 15:55 | Create | Skirmisher |
| 15:56 | Create | Villager (Male) |
| 16:00 | Build | Farm |
| 16:02 | Build | Farm |
| 16:23 | Create | Skirmisher |
| 16:28 | Build | Farm |
| 16:36 | Create | Villager (Male) |
| 16:36 | Create | Villager (Male) |
| 16:45 | Build | House |
| 16:46 | Build | House |
| 17:03 | Create | Archer |
| 17:04 | Create | Villager (Male) |
| 17:17 | Build | Farm |
| 17:32 | Create | Archer |
| 17:53 | Create | Skirmisher |
| 17:53 | Create | Villager (Male) |
| 18:01 | Create | Skirmisher |
| 18:21 | Create | Villager (Male) |
| 18:23 | Build | Stable |
| 18:27 | Create | Skirmisher |
| 18:35 | Create | Villager (Male) |
| 19:08 | Build | Market |
| 19:17 | Create | Archer |
| 19:17 | Research | Castle Age |
| 19:18 | Research | Castle Age |
| 19:27 | Build | Lumber Camp |
| 19:32 | Create | Scout Cavalry |
| 19:38 | Build | Lumber Camp |
| 19:43 | Create | Archer |
| 19:55 | Create | Scout Cavalry |
| 20:08 | Create | Scout Cavalry |
| 20:15 | Build | Archery Range |
| 21:05 | Create | Skirmisher |
| 21:05 | Create | Skirmisher |
| 21:07 | Build | Farm |
| 21:33 | Create | Archer |
| 21:42 | Create | Archer |
| 21:42 | Create | Archer |
| 21:51 | Create | Scout Cavalry |
| 21:56 | Build | Farm |
| 21:57 | Age | Castle Age |
| 22:10 | Create | Knight |
| 22:14 | Research | Elite Skirmisher (upgrade) |
| 22:14 | Research | Elite Skirmisher (upgrade) |
| 22:26 | Create | Skirmisher |
| 22:27 | Create | Skirmisher |
| 22:30 | Create | Knight |
| 22:31 | Create | Villager (Male) |
| 22:40 | Build | Town Center |
| 22:47 | Build | Farm |
| 22:53 | Research | Bodkin Arrow |
| 22:53 | Research | Bodkin Arrow |
Build order — manteldon
First 150 of 408 actions detected
| 0:01 | Create | Villager (Male) |
| 0:01 | Create | Villager (Male) |
| 0:01 | Create | Villager (Male) |
| 0:01 | Create | Villager (Male) |
| 1:19 | Create | Villager (Male) |
| 1:19 | Create | Villager (Male) |
| 1:47 | Build | Lumber Camp |
| 1:55 | Create | Villager (Male) |
| 1:55 | Create | Villager (Male) |
| 2:07 | Create | Villager (Male) |
| 2:07 | Create | Villager (Male) |
| 2:07 | Create | Villager (Male) |
| 2:07 | Create | Villager (Male) |
| 2:36 | Create | Villager (Male) |
| 2:36 | Create | Villager (Male) |
| 2:54 | Create | Villager (Male) |
| 2:54 | Create | Villager (Male) |
| 2:55 | Create | Villager (Male) |
| 3:37 | Create | Villager (Male) |
| 3:37 | Create | Villager (Male) |
| 4:09 | Create | Villager (Male) |
| 4:09 | Create | Villager (Male) |
| 4:43 | Build | Mill |
| 4:45 | Create | Villager (Male) |
| 4:45 | Create | Villager (Male) |
| 5:08 | Create | Villager (Male) |
| 5:09 | Create | Villager (Male) |
| 5:09 | Create | Villager (Male) |
| 5:29 | Create | Villager (Male) |
| 5:31 | Research | Loom |
| 6:33 | Research | Feudal Age |
| 7:26 | Build | Barracks |
| 8:40 | Create | Villager (Male) |
| 8:51 | Age | Feudal Age |
| 8:55 | Research | Double-Bit Axe |
| 8:55 | Research | Double-Bit Axe |
| 8:57 | Research | Horse Collar |
| 8:57 | Research | Horse Collar |
| 9:10 | Build | Stable |
| 9:12 | Create | Villager (Male) |
| 9:28 | Build | Palisade Wall |
| 9:29 | Build | Palisade Wall |
| 9:29 | Build | Palisade Wall |
| 9:30 | Build | Palisade Wall |
| 9:37 | Build | Palisade Wall |
| 9:38 | Build | Palisade Wall |
| 9:38 | Build | Palisade Wall |
| 9:39 | Build | Palisade Wall |
| 9:39 | Build | Palisade Wall |
| 9:40 | Build | Palisade Wall |
| 9:41 | Build | Palisade Wall |
| 9:44 | Create | Villager (Male) |
| 9:51 | Create | Scout Cavalry |
| 9:51 | Create | Scout Cavalry |
| 10:02 | Create | Villager (Male) |
| 10:06 | Build | Palisade Wall |
| 10:09 | Build | Palisade Wall |
| 10:11 | Build | Palisade Wall |
| 10:13 | Build | Palisade Wall |
| 10:37 | Build | Archery Range |
| 10:39 | Create | Villager (Male) |
| 10:42 | Create | Villager (Male) |
| 10:57 | Create | Spearman |
| 10:59 | Create | Villager (Male) |
| 11:32 | Create | Skirmisher |
| 11:32 | Create | Skirmisher |
| 11:32 | Create | Skirmisher |
| 11:38 | Create | Villager (Male) |
| 11:45 | Build | Farm |
| 11:53 | Create | Villager (Male) |
| 11:55 | Build | Farm |
| 11:56 | Build | Farm |
| 12:02 | Build | Farm |
| 12:36 | Create | Skirmisher |
| 12:39 | Build | Palisade Wall |
| 12:42 | Create | Villager (Male) |
| 12:52 | Build | Palisade Wall |
| 13:00 | Create | Villager (Male) |
| 13:03 | Build | Blacksmith |
| 13:28 | Build | Palisade Wall |
| 13:35 | Build | Farm |
| 13:37 | Create | Villager (Male) |
| 13:44 | Build | Farm |
| 13:46 | Build | Farm |
| 14:07 | Build | Farm |
| 14:08 | Create | Villager (Male) |
| 14:17 | Build | Farm |
| 14:21 | Build | Lumber Camp |
| 14:24 | Create | Villager (Male) |
| 14:29 | Research | Fletching |
| 14:29 | Research | Fletching |
| 14:37 | Build | Mining Camp |
| 14:42 | Build | Palisade Wall |
| 14:44 | Build | Palisade Wall |
| 14:48 | Create | Skirmisher |
| 14:57 | Create | Skirmisher |
| 15:00 | Create | Villager (Male) |
| 15:00 | Create | Villager (Male) |
| 15:10 | Create | Skirmisher |
| 15:22 | Create | Villager (Male) |
| 15:22 | Create | Villager (Male) |
| 15:27 | Create | Villager (Male) |
| 15:30 | Build | Farm |
| 15:33 | Build | Farm |
| 15:34 | Build | Farm |
| 15:41 | Create | Skirmisher |
| 15:58 | Build | Farm |
| 15:58 | Create | Villager (Male) |
| 16:17 | Create | Villager (Male) |
| 16:33 | Create | Villager (Male) |
| 16:42 | Create | Archer |
| 16:53 | Create | Archer |
| 17:00 | Build | Farm |
| 17:01 | Build | Farm |
| 17:16 | Create | Villager (Male) |
| 17:21 | Build | Market |
| 17:49 | Create | Scout Cavalry |
| 18:02 | Create | Villager (Male) |
| 18:15 | Create | Villager (Male) |
| 18:21 | Create | Archer |
| 18:36 | Create | Villager (Male) |
| 19:03 | Create | Scout Cavalry |
| 19:06 | Build | Farm |
| 19:18 | Research | Castle Age |
| 19:18 | Research | Castle Age |
| 19:27 | Create | Archer |
| 19:40 | Create | Archer |
| 19:41 | Create | Archer |
| 20:00 | Create | Archer |
| 20:14 | Create | Scout Cavalry |
| 21:10 | Create | Archer |
| 21:13 | Create | Villager (Male) |
| 21:58 | Age | Castle Age |
| 22:05 | Create | Villager (Male) |
| 22:06 | Create | Villager (Male) |
| 22:07 | Create | Cavalry Archer |
| 22:07 | Create | Cavalry Archer |
| 22:13 | Build | Town Center |
| 22:17 | Create | Knight |
| 22:22 | Create | Villager (Male) |
| 22:34 | Research | Bodkin Arrow |
| 22:34 | Research | Bodkin Arrow |
| 22:34 | Research | Bodkin Arrow |
| 22:36 | Create | Cavalry Archer |
| 22:39 | Research | Bloodlines |
| 22:50 | Create | Villager (Male) |
| 22:56 | Build | Town Center |
| 23:03 | Create | Cavalry Archer |
| 23:03 | Create | Cavalry Archer |
| 23:06 | Build | Archery Range |
Match timeline
| 6:16 | se7e · first_building Barracks |
| 7:26 | manteldon · first_building Barracks |
| 8:27 | se7e · wall_segment Palisade Wall x1 |
| 8:51 | manteldon · age_up feudal |
| 9:10 | manteldon · first_building Stable |
| 9:20 | se7e · age_up feudal |
| 9:28 | manteldon · wall_segment Palisade Wall x1 |
| 9:29 | manteldon · wall_segment Palisade Wall x1 |
| 9:29 | manteldon · wall_segment Palisade Wall x1 |
| 9:30 | manteldon · wall_segment Palisade Wall x1 |
| 9:37 | manteldon · wall_segment Palisade Wall x1 |
| 9:38 | manteldon · wall_segment Palisade Wall x1 |
| 9:38 | manteldon · wall_segment Palisade Wall x1 |
| 9:39 | manteldon · wall_segment Palisade Wall x1 |
| 9:39 | manteldon · wall_segment Palisade Wall x1 |
| 9:40 | manteldon · wall_segment Palisade Wall x1 |
| 9:41 | manteldon · wall_segment Palisade Wall x1 |
| 9:42 | se7e · first_building Archery Range |
| 10:06 | manteldon · wall_segment Palisade Wall x1 |
| 10:09 | manteldon · wall_segment Palisade Wall x1 |
| 10:11 | manteldon · wall_segment Palisade Wall x1 |
| 10:13 | manteldon · wall_segment Palisade Wall x1 |
| 10:37 | manteldon · first_building Archery Range |
| 12:14 | se7e · wall_segment Palisade Wall x2 |
| 12:15 | se7e · wall_segment Palisade Wall x3 |
| 12:39 | manteldon · wall_segment Palisade Wall x4 |
| 12:52 | manteldon · wall_segment Palisade Wall x4 |
| 13:28 | manteldon · wall_segment Palisade Wall x5 |
| 13:43 | se7e · wall_segment Palisade Wall x2 |
| 14:42 | manteldon · wall_segment Palisade Wall x2 |
| 14:44 | manteldon · wall_segment Palisade Wall x5 |
| 15:36 | se7e · wall_segment Palisade Wall x1 |
| 18:23 | se7e · first_building Stable |
| 18:30 | manteldon · first_market_buy 100 food |
| 18:32 | manteldon · first_market_sell 100 wood |
| 21:57 | se7e · age_up castle |
| 21:58 | manteldon · age_up castle |
| 27:28 | manteldon · first_building Siege Workshop |
| 29:37 | manteldon · first_building Monastery |
| 29:38 | se7e · first_building Monastery |
| 33:06 | manteldon · first_building Castle |
| 33:29 | se7e · first_building Castle |
| 37:42 | manteldon · age_up imperial |
| 38:32 | se7e · age_up imperial |
| 39:03 | se7e · resign |
[ AI ANALYSIS · 1 CREDIT ]
What really happened in this match?
Wolo.gg analyzes every decision: build order, eco, micro, common mistakes by bracket. Personalized analysis on WhatsApp or Discord in 30 seconds.
Civ guide
Italians
Perfil
se7e